 Dungeon Crawl Stone Soup version 0.32-a0-747-gc8563f6773 (webtiles) character file.

Game seed: 4802944151412459269

4067 jasper the Grappler (level 10, -8/55 HPs)
             Began as a Vine Stalker Fighter on Mar 17, 2024.
             Was a Priest of Makhleb.
             Mangled by a gnoll sergeant
             ... wielding a +0 halberd
              (10 damage)
             ... in a bailey.
             The game lasted 00:11:05 (5366 turns).

jasper the Grappler (Vine Stalker Fighter)          Turns: 5366, Time: 00:11:05

Health: -8/55      AC: 12    Str: 23    XL:     10   Next: 25%
Magic:  0/13       EV:  8    Int:  8    God:    Makhleb [***...]
Gold:   266        SH: 10    Dex: 14    Spells: 9/9 levels left

rFire   . .          .
                       - Unarmed
rCold   + . .        b - +0 buckler
rNeg    . . .        l - +2 scale mail {rC+}
rPois   .            g - +0 helmet
rElec   .            w - +2 cloak
rCorr   +            (no gloves)
SInv    .            (no boots)
Will    ++...        s - amulet of reflection Stlth
                     t - ring of resist corrosion
HPRegen 1.09/turn    o - ring of willpower
MPRegen 0.13/turn

%: reflection, guardian spirit
@: no status effects
A: fangs 3, regeneration 1, magic shield, antimagic bite, no potion heal 2
a: Renounce Religion, Minor Destruction, Lesser Servant of Makhleb


You were in a bailey.
You worshipped Makhleb.
Makhleb was most pleased with you.
You visited 1 branch of the dungeon, and saw 7 of its levels.
You also visited: Bailey.

You collected 338 gold pieces.
You spent 72 gold pieces at shops.

Inventory:

Missiles
 d - 47 stones (quivered)
 i - 10 poisoned darts
 E - 4 throwing nets
Armour
 a - a +0 scale mail
 b - a +0 buckler (worn)
 c - a +1 chain mail of cold resistance
 g - a +0 helmet (worn)
 k - a +0 ring mail
 l - a +2 scale mail of cold resistance (worn)
 w - a +2 cloak (worn)
 B - +0 steam dragon scales
Jewellery
 m - a ring of fire
 o - a ring of willpower (right hand)
 s - an amulet of reflection (around neck)
 t - a ring of resist corrosion (left hand)
 D - the ring "Tauwn" {Will+ Str+6}
   (You took it off a centaur on level 7 of the Dungeon)

   [ring of strength]

   Str+6:     It affects your strength (+6).
   Will+:     It increases your willpower.
Talismans
 e - a talisman of death
 j - a beast talisman
 y - a maw talisman
Wands
 A - a wand of charming (7)
Scrolls
 f - 4 scrolls of immolation
 h - a scroll of amnesia
 p - a scroll of revelation
 r - 2 scrolls of teleportation
 v - 2 scrolls of fear
 z - a scroll of poison
Potions
 n - 2 potions of curing
 q - a potion of cancellation
 u - a potion of lignification
 x - a potion of heal wounds
 C - a potion of haste


   Skills:
 - Level 7.0 Fighting
 - Level 2.4 Armour
 - Level 7.0 Shields
 - Level 10.2 Unarmed Combat
 - Level 3.0 Invocations
 + Level 1.4 Shapeshifting


You had 9 spell levels left.
You didn't know any spells.
Your spell library contained the following spells:

 Spells                   Type           Power      Damage    Failure   Level
 Slow                     Hex            0%         N/A       78%         1
 Jinxbite                 Hex            0%         N/A       89%         2
 Confusing Touch          Hex            0%         N/A       98%         3
 Dazzling Flash           Conj/Hex       0%         N/A       98%         3
 Hailstorm                Conj/Ice       0%         3d5       98%         3
 Inner Flame              Hex/Fire       0%         N/A       98%         3
 Vampiric Draining        Necr           0%         2d6       98%         3
 Flame Wave               Conj/Fire      0%         2d4       100%        4
 Leda's Liquefaction      Alch/Erth      0%         N/A       100%        4
 Petrify                  Alch/Erth      0%         N/A       100%        4
 Sticky Flame             Fire/Alch      0%         2d4       100%        4
 Metabolic Englaciation   Hex/Ice        0%         N/A       100%        5


Dungeon Overview and Level Annotations

Branches:
Dungeon (7/15)             Temple (0/1) D:7          Bailey (1/1)

Altars:
Makhleb
Qazlal
Yredelemnul

Shops:
D:2 **[?!


Innate Abilities, Weirdness & Mutations

You have razor-sharp teeth.
Your natural rate of healing is unusually fast.
When hurt, damage is shared between your health and your magic reserves.
Your bite disrupts and absorbs the magic of your enemies.
Potions cannot restore your health.


Message History

You take 3 damage, and have 33/55 hp.
You closely miss the gnoll bouda. Your bite misses the gnoll bouda.
The gnoll bouda is severely wounded.
You block the wolf's attack. The wolf barely misses you.
You block the gnoll sergeant's attack. The wolf bites you!
The gnoll bouda mumbles some strange prayers to its god.
The gnoll bouda is healed somewhat.
The wolf closely misses you.
You take 6 damage, and have 27/55 hp.
You now have 9/13 mp.
You closely miss the gnoll bouda. Your bite misses the gnoll bouda.
The gnoll bouda is heavily wounded.
You block the wolf's attack. The wolf bites you but does no damage.
You block the wolf's attack.
The gnoll sergeant hits you from afar with a +0 halberd.
The gnoll bouda barks out a call to the hunt!
The gnoll sergeant picks up the pace!
You take 3 damage, and have 24/55 hp.
You punch the gnoll bouda! You bite the gnoll bouda.
You kill the gnoll bouda!
Makhleb accepts your kill.
You feel better. The wolf bites you but does no damage.
You block the wolf's attack.
The wolf bites you but does no damage. x2
You block the wolf's attack.
The gnoll sergeant hits you from afar with a +0 halberd!
You take 3 damage, and have 21/55 hp.
You now have 7/13 mp.
The wolf pauses to sniff the ground.
The wolf bites you!
* * * LOW HITPOINT WARNING * * *
You block the wolf's attack. x2
The gnoll sergeant hits you with a +0 halberd!
* * * LOW HITPOINT WARNING * * *
The wolf bites you but does no damage.
Things that are here:
a +0 trident; a +0 ring mail; a gnoll corpse You take 12 damage, and have 9/55 hp.
MASSIVE DAMAGE!!
You now have 3/13 mp.
A demon appears!
You block the wolf's attack. The wolf bites you but does no damage.
The wolf barely misses you. You block the wolf's attack. The wolf bites you.
* * * LOW HITPOINT WARNING * * *
The gnoll sergeant hits you with a +0 halberd!
You die...

##. #..≈.♣♣ ♣≈. #... #..≈..♣♣
♣≈. #... ##### #..≈...♣
♣≈..#... ##...## #..≈...♣
♣≈..##'###.....######..≈...♣♣
♣≈......#.......#...).......♣
♣≈......'...ß...).).'......))
♣≈......#..ghh3.#...'..)...)♣
♣≈..##'###..@h.######..≈...♣♣
♣≈ #(g.g##...## #..≈..♣♣
#..gg.##### #..≈..♣ #....g..
#..≈..♣ ##....hg.. #..≈.♣♣
##.ß(.... ###..≈.♣ #######
#...≈≈♣♣ ≈≈≈≈≈≈≈≈≈≈♣♣
♣♣♣♣♣♣♣♣♣♣♣


You could see a gnoll sergeant (swift), 3 wolves and a friendly smoke demon
(summoned).

Vanquished Creatures
  A manticore (D:7)
  2 steam dragons (D:7)
  An ice beast (D:7)
  4 sky beasts
  2 black bears
  An ogre (D:5)
  2 centaurs (D:7)
  3 gnoll sergeants
  2 bullfrogs
  2 scorpions
  A wight (D:7)
  A killer bee (D:7)
  4 howler monkeys
  2 bombardier beetles (D:3)
  3 hounds
  4 jellies
  2 orc priests (D:7)
  3 gnoll boudas (Bailey)
  2 sleepcaps (D:6)
  3 iguanas
  An orc wizard (D:5)
  Terence (D:2)
  15 gnolls
  7 adders
  2 ufetubi (D:7)
  A dart slug (D:2)
  A ribbon worm (D:3)
  35 orcs
  3 endoplasms
  5 giant cockroaches
  11 goblins
  6 hobgoblins
  5 kobolds
  2 quokkas
  7 ball pythons
  6 bats
  3 frilled lizards
  6 rats
162 creatures vanquished.

Vanquished Creatures (collateral kills)
  An ugly thing (D:7)
  A wraith (D:7)
  A vampire mosquito (D:7)
  A wolf (Bailey)
  A gnoll sergeant (Bailey)
  A gnoll bouda (Bailey)
  6 gnolls (Bailey)
12 creatures vanquished.

Vanquished Creatures (others)
  A gnoll (D:7)
1 creature vanquished.

Grand Total: 175 creatures vanquished

Notes
Turn   | Place    | Note
-------+----------+-------------------------------------------
     0 | D:1      | jasper the Vine Stalker Fighter began the quest for the
                  | Orb.
     0 | D:1      | Reached XP level 1. HP: 11/11 MP: 2/2
   307 | D:1      | Reached XP level 2. HP: 16/16 MP: 1/3
   529 | D:1      | Reached XP level 3. HP: 20/20 MP: 4/4
   906 | D:2      | Found Mufaam's Magic Scroll Shop.
   911 | D:2      | Bought a scroll of identify for 28 gold pieces
   911 | D:2      | Bought a scroll of identify for 28 gold pieces
   958 | D:2      | Reached skill level 3 in Unarmed Combat
  1051 | D:2      | Noticed Terence
  1061 | D:2      | Killed Terence
  1062 | D:2      | Reached XP level 4. HP: 24/24 MP: 5/5
  1112 | D:2      | Found Zaggocw's Distillery.
  1393 | D:2      | Found Jedir's General Store.
  1394 | D:2      | Found Vounily's Assorted Antiques.
  1398 | D:2      | Bought a scroll labelled KIUKEP QOOVOA for 16 gold pieces
  1414 | D:2      | Found Ykairgh's Antique Armour Boutique.
  1827 | D:3      | Found a burning altar of Makhleb.
  1855 | D:3      | Found a stormy altar of Qazlal.
  1862 | D:3      | Became a worshipper of Makhleb the Destroyer
  1952 | D:3      | Reached XP level 5. HP: 26/28 MP: 6/6
  1957 | D:3      | Reached skill level 4 in Unarmed Combat
  2300 | D:3      | You fall into a shaft and drop 1 floor!
  2445 | D:4      | Noticed a steam dragon
  2478 | D:5      | Entered Level 5 of the Dungeon
  2527 | D:5      | Reached * piety under Makhleb
  2569 | D:5      | Reached XP level 6. HP: 32/33 MP: 7/7
  2639 | D:5      | Reached skill level 5 in Unarmed Combat
  2688 | D:5      | Reached XP level 7. HP: 33/37 MP: 6/8
  2975 | D:5      | Identified the +2 mace of Dacig {heavy, Int+3}
  3620 | D:6      | Reached skill level 6 in Unarmed Combat
  3824 | D:6      | Reached ** piety under Makhleb
  4052 | D:6      | Gained mutation: You have razor-sharp teeth. [Vine Stalker
                  | growth]
  4052 | D:6      | Reached XP level 8. HP: 42/42 MP: 9/9
  4062 | D:6      | Reached skill level 5 in Fighting
  4062 | D:6      | Reached skill level 5 in Shields
  4116 | D:6      | Found a basalt altar of Yredelemnul.
  4274 | D:6      | Reached skill level 7 in Unarmed Combat
  4553 | D:7      | Got the Folio of Icebound Interference
  4697 | D:7      | Reached skill level 8 in Unarmed Combat
  4699 | D:7      | Reached XP level 9. HP: 37/48 MP: 6/10
  4773 | D:7      | Noticed a manticore
  4776 | D:7      | Noticed a red ugly thing
  4790 | D:7      | Killed a red ugly thing
  4791 | D:7      | Reached skill level 9 in Unarmed Combat
  4858 | D:7      | Killed a manticore
  4920 | D:7      | Reached skill level 10 in Unarmed Combat
  4920 | D:7      | Reached XP level 10. HP: 51/53 MP: 11/11
  4953 | D:7      | Identified the ring "Tauwn" {Will+ Str+6}
  5040 | D:7      | Found a staircase to the Ecumenical Temple.
  5042 | D:7      | Found a flagged portal.
  5048 | Bailey   | Entered a bailey
  5064 | Bailey   | Reached skill level 1 in Invocations
  5066 | Bailey   | Reached *** piety under Makhleb
  5357 | Bailey   | Reached skill level 1 in Shapeshifting
  5366 | Bailey   | HP: 2/55 [wolf (4)]
  5366 | Bailey   | Mangled by a gnoll sergeant

Illustrated notes

Levels and vault maps discovered:
D:1:      ebering_hopf_link, layout_basic
D:2:      cheibrodos_helix_gallery, layout_basic, serial_shops,
          nicolae_shop_tiny_statue_garden, nicolae_shop_statue_plus,
          nicolae_shop_hallway_stairs, shop, shop, minmay_between, uniq_terence
D:3:      layout_basic, nicolae_overflow_squiral, minmay_misc_feat_rows
D:4:      layout_loops_ring, serial_shops, nicolae_shop_stone,
          kennysheep_nondescript, hangedman_decor_opposing, uniq_eustachio
D:5:      layout_gridville, grunt_ministairs_10
D:6:      layout_loops_corners, kennysheep_mini
D:7:      minmay_the_grid_plus [minmay_the_grid_minigrid_small_alt,
          minmay_the_grid_zigzag_pyramid, minmay_the_grid_tiny_cups,
          minmay_the_grid_pillar_ring, minmay_the_grid_prize_trominoes],
          layout_basic, minmay_temple_entry_metal_lava,
          lightli_bailey_entry_fortress, chequers_arboretum, nicolae_titane
Bailey:   bailey_polearm_gnolls_kennysheep, bailey

Skill      XL: |  1  2  3  4  5  6  7  8  9 10 |
---------------+-------------------------------+-----
Fighting       | 3 4 5 6 7 |  7.0
Shields        | 3 4 5 6 7 |  7.0
Unarmed Combat | 3 4 5 6 8 10 | 10.2
Invocations    | 3 |  3.0
Shapeshifting  | 1 |  1.4
Armour         | |  2.4

Action                     |  1- 3 |  4- 6 |  7- 9 | 10-12 || total
---------------------------+-------+-------+-------+-------++-------
  Melee: Unarmed           |    68 |   182 |   233 |    96 ||   579
         Bite              |    14 |    32 |    70 |    39 ||   155
  Throw: Stone             |       |     4 |       |       ||     4
         Throwing net      |       |     1 |       |       ||     1
 Invoke: Lesser Servant of |       |       |       |     2 ||     2
  Evoke: Wand              |       |       |     1 |       ||     1
    Use: Scroll            |     3 |     6 |     9 |       ||    18
         Potion            |     1 |       |       |       ||     1
   Stab: Held in net/web   |       |     1 |       |       ||     1
 Armour: Scale mail        |    15 |       |   164 |   126 ||   305
         Ring mail         |     9 |       |       |       ||     9
         Chain mail        |       |   116 |       |       ||   116
  Dodge: Dodged            |    27 |    47 |    65 |    55 ||   194
  Block: Buckler           |    10 |    26 |    87 |   101 ||   224
         Reflection        |       |       |     4 |     3 ||     7

Table legend: (Time is in decaauts)
 A = Elapsed time spent in this place.
 B = Non-inter-level travel time spent in this place.
 C = Inter-level travel time spent in this place.
 D = Time resting spent in this place.
 E = Time spent auto-exploring this place.
 F = Levels seen in this place.
 G = Mean time per level.
                   A        B        C        D        E       F      G
               +--------+--------+--------+--------+--------+-----+--------+
         Total |   5312 |   5153 |    159 |    292 |   3331 |   8 |  664.0 |
       Dungeon |   5008 |   4849 |    159 |    292 |   3242 |   7 |  715.4 |
        Bailey |    304 |    304 |      0 |      0 |     89 |   1 |  304.0 |
               +--------+--------+--------+--------+--------+-----+--------+

Top non-repeatable levels by time:
     D:5: 1036 daAuts
     D:6: 898 daAuts
     D:2: 867 daAuts
     D:1: 809 daAuts
     D:3: 616 daAuts
     D:7: 603 daAuts
  Bailey: 304 daAuts
     D:4: 176 daAuts
